 Dungeon Crawl Stone Soup version 0.28-a0-1493-g08698888e4 (webtiles) character file.

Game seed: 561203096325623941

7997 melkoren the Carver (level 11, -7/97 HPs)
             Began as a Minotaur Gladiator on Jan 12, 2022.
             Was a Follower of Dithmenos.
             Mangled by a 15-headed hydra (12 damage)
             ... on level 1 of the Lair of Beasts.
             The game lasted 00:33:43 (9391 turns).

melkoren the Carver (Minotaur Gladiator)            Turns: 9391, Time: 00:33:43

Health: -7/97      AC: 17    Str: 20      XL:     11   Next: 4%
Magic:  10/10      EV: 16    Int:  4 (7)  God:    Dithmenos [*.....]
Gold:   374        SH:  5    Dex: 13 (15) Spells: 10/10 levels left

rFire   . . .      SeeInvis .   a - +2 long sword
rCold   . . .      Faith    .   (no shield)
rNeg    . . .      Spirit   .   L - +1 steam dragon scales
rPois   +          Reflect  +   J - +2 hat {Will+}
rElec   .          Harm     .   z - +0 cloak
rCorr   .          Rampage  .   (no gloves)
Will    +....                   (no boots)
Stlth   +.........              o - amulet of reflection
HPRegen 0.26/turn               O - +4 ring of protection
MPRegen 0.12/turn               P - ring of poison resistance

@: wreathed by umbra, studying 2 skills
A: horns 2, retaliatory headbutt, iridescent scales 1, clever 1
a: Renounce Religion


You were on level 1 of the Lair of Beasts.
You worshipped Dithmenos.
Dithmenos was aware of your devotion.
You visited 3 branches of the dungeon, and saw 11 of its levels.
You also visited: Ossuary.

You collected 374 gold pieces.


Innate Abilities, Weirdness & Mutations

You have a pair of horns on your head.
You reflexively headbutt those who attack you in melee.
You are partially covered in iridescent scales. (AC +2)
Your mind is acute. (Int +2)


   Skills:
 + Level 9.5 Fighting
 * Level 13.3 Long Blades
 - Level 2.0 Throwing
 + Level 9.1 Armour
 + Level 9.0 Dodging


You had 10 spell levels left.
You didn't know any spells.
Your spell library contained the following spells:

 Spells                   Type           Power      Damage    Failure   Level
 Foxfire                  Conj/Fire      0%         2x1d4     50%         1
 Conjure Flame            Conj/Fire      0%         6-21      86%         3
 Ignite Poison            Fire/Tmut/Pois 0%         N/A       86%         3
 Inner Flame              Hex/Fire       0%         N/A       86%         3
 Mephitic Cloud           Conj/Pois/Air  0%         N/A       86%         3
 Summon Guardian Golem    Hex/Summ       0%         N/A       86%         3
 Tukima's Dance           Hex            0%         N/A       86%         3
 Anguish                  Hex/Necr       0%         N/A       99%         4
 Flame Wave               Conj/Fire      0%         2d4       99%         4
 Passage of Golubria      Tloc           0%         N/A       99%         4
 Freezing Cloud           Conj/Ice/Air   0%         6-21      100%        5
 Yara's Violent Unravell  Hex/Tmut       0%         3d3       100%        5
 Enfeeble                 Hex            0%         N/A       100%        7
 Orb of Destruction       Conj           0%         N/A       100%        7
 Spellforged Servitor     Conj/Summ      0%         N/A       100%        7

Inventory:

Hand Weapons
 a - a +2 long sword (weapon)
 k - a +0 short sword
   (You took it off a kobold on level 3 of the Dungeon)
 I - a +1 hunting sling of flaming
   (You took it off Joseph on level 8 of the Dungeon)
Missiles
 d - 3 throwing nets {=f!f}
 h - 94 sling bullets
 i - 334 stones (quivered)
 j - 70 bolts
 r - 30 poisoned darts
 s - 4 boomerangs
 u - 141 arrows
Armour
 b - a +2 leather armour
 c - a +1 hat
 f - a +0 ring mail
   (You took it off a hobgoblin on level 1 of the Dungeon)
 g - a +0 scale mail
   (You found it on level 2 of the Dungeon)
 z - a +0 cloak (worn)
   (You took it off Maurice on level 8 of the Dungeon)
 F - a +3 leather armour of fire resistance
   (You took it off Joseph on level 8 of the Dungeon)
 J - a +2 hat of willpower (worn)
   (You took it off Gastronok on level 8 of the Dungeon)
 L - +1 steam dragon scales (worn)
   (You found it on level 8 of the Dungeon)
Magical Staves
 t - a staff of earth {!a}
   (You found it on level 3 of the Dungeon)
 K - a staff of conjuration {!a}
   (You found it on level 1 of the Lair of Beasts)
Jewellery
 o - an amulet of reflection (around neck)
   (You found it on level 2 of the Dungeon)
 v - a ring of see invisible
   (You found it on level 8 of the Dungeon)
 O - a +4 ring of protection (left hand)
   (You found it on level 1 of the Dungeon)
 P - a ring of poison resistance (right hand)
   (You found it on level 3 of the Dungeon)
Wands
 p - a wand of mindburst (10)
   (You took it off Ijyb on level 3 of the Dungeon)
 q - a wand of iceblast (9)
   (You found it on level 4 of the Dungeon)
 y - a wand of flame (5)
   (You found it on level 7 of the Dungeon)
 D - a wand of paralysis (8)
   (You took it off a gnoll on level 7 of the Dungeon)
 G - a wand of acid (5)
   (You took it off Joseph on level 8 of the Dungeon)
 M - a wand of polymorph (6)
   (You took it off Maurice on level 8 of the Dungeon)
Scrolls
 e - 4 scrolls of teleportation {@r4}
 l - 8 scrolls of identify {@r1}
 m - a scroll of blinking {!r}
Potions
 n - 2 potions of heal wounds {@q2}
 w - 4 potions of magic
 x - a potion of resistance
 A - a potion of might
 B - 2 potions of attraction {!q}
 C - 3 potions of curing {@q1}
 E - a potion of mutation {!q}
 H - a potion of flight
 Q - 4 potions of haste {@q3}

Dungeon Overview and Level Annotations

Branches:
Dungeon (9/15)             Temple (1/1) D:5            Lair (1/6) D:9
Ossuary (visited)
    Orc: D:9-12

Altars:
Ashenzari
Cheibriados
Dithmenos
Elyvilon
Fedhas
Gozag
Hepliaklqana
Kikubaaqudgha
Makhleb
Nemelex Xobeh
Okawaru
Qazlal
Ru
Sif Muna
Trog
Vehumet
Xom
Yredelemnul
The Shining One

Shops:
D:2 (   D:4 ( D:7

: ..####..# ..........
...#P##.## .........
.......>.. ##........
#.........
.#........###.#.........
........................
......#.#!##..######....
.........D....... .......
..# #..@....# ####.##
##..####.......#########.##
...........................
...........#####.#..#######
...........#####.##.#######
.................<........
#.##..#..####..........####
#..###..######.........####
...........................


You could see a 15-headed hydra.


Message History

The ten-headed hydra bites you but does no damage.
You block the ten-headed hydra's attack.
The ten-headed hydra misses you. The ten-headed hydra bites you!
The ten-headed hydra bites you but does no damage.
The ten-headed hydra bites you.
The ten-headed hydra completely misses you.
The ten-headed hydra bites you but does no damage. 😮 HP[-9]
You take 9 damage, and now have 55/97 hp.
Unknown command.
You barely miss the ten-headed hydra.
You slice one of the ten-headed hydra's heads off!
The nine-headed hydra grows two more!
You hit the 11-headed hydra. You headbutt the 11-headed hydra!
The 11-headed hydra bites you!
* * * LOW HITPOINT WARNING * * *
The 11-headed hydra closely misses you. The 11-headed hydra misses you.
The 11-headed hydra closely misses you. The 11-headed hydra misses you.
The 11-headed hydra barely misses you. The 11-headed hydra closely misses you.
The 11-headed hydra bites you but does no damage.
The 11-headed hydra barely misses you. You block the 11-headed hydra's attack.
The 11-headed hydra barely misses you. 😨 HP[-10]
You take 10 damage, and now have 45/97 hp.
You chop one of the 11-headed hydra's heads off!
The ten-headed hydra grows two more!
You slash the 12-headed hydra! The 12-headed hydra misses you.
You furiously retaliate!
You headbutt the 12-headed hydra. The 12-headed hydra barely misses you.
You block the 12-headed hydra's attack.
The 12-headed hydra bites you but does no damage.
The 12-headed hydra closely misses you. The 12-headed hydra bites you.
* * * LOW HITPOINT WARNING * * *
The 12-headed hydra bites you but does no damage. x5
You block the 12-headed hydra's attack. 😨 HP[-1]
You take 1 damage, and now have 44/97 hp.
You barely miss the 12-headed hydra.
Your headbutt misses the 12-headed hydra.
The 12-headed hydra barely misses you. You furiously retaliate!
You headbutt the 12-headed hydra. The 12-headed hydra misses you. x2
The 12-headed hydra bites you but does no damage.
The 12-headed hydra closely misses you. The 12-headed hydra bites you.
* * * LOW HITPOINT WARNING * * *
The 12-headed hydra completely misses you.
The 12-headed hydra bites you.
* * * LOW HITPOINT WARNING * * *
The 12-headed hydra bites you but does no damage.
The 12-headed hydra misses you. The 12-headed hydra barely misses you.
The 12-headed hydra bites you but does no damage.
Unknown command. 😨 HP[-4]
You take 4 damage, and now have 40/97 hp.
You lop one of the 12-headed hydra's heads off!
The 11-headed hydra grows two more!
You hit the 13-headed hydra. 😨 HP[+1]
You hack one of the 13-headed hydra's heads off!
The 12-headed hydra grows two more!
You hit the 14-headed hydra. The 14-headed hydra barely misses you.
You block the 14-headed hydra's attack.
The 14-headed hydra bites you but does no damage.
The 14-headed hydra closely misses you. x2; The 14-headed hydra misses you. x2
The 14-headed hydra bites you but does no damage. x2
The 14-headed hydra closely misses you.
The 14-headed hydra bites you but does no damage.
The 14-headed hydra closely misses you. The 14-headed hydra bites you.
* * * LOW HITPOINT WARNING * * *
The 14-headed hydra bites you.
* * * LOW HITPOINT WARNING * * *
😨 HP[-6]
You take 6 damage, and now have 35/97 hp.
You lop one of the 14-headed hydra's heads off!
The 13-headed hydra grows two more!
You slash the 15-headed hydra!
The 15-headed hydra completely misses you.
The 15-headed hydra barely misses you.
You block the 15-headed hydra's attack. x2
The 15-headed hydra barely misses you. The 15-headed hydra bites you.
* * * LOW HITPOINT WARNING * * *
The 15-headed hydra bites you but does no damage.
The 15-headed hydra bites you!
* * * LOW HITPOINT WARNING * * *
The 15-headed hydra closely misses you.
The 15-headed hydra bites you but does no damage.
The 15-headed hydra barely misses you. The 15-headed hydra bites you.
* * * LOW HITPOINT WARNING * * *
The 15-headed hydra bites you but does no damage.
The 15-headed hydra bites you.
* * * LOW HITPOINT WARNING * * *
The 15-headed hydra closely misses you. 😱 HP[-18]
You take 18 damage, and now have 17/97 hp.
You barely miss the 15-headed hydra. You headbutt the 15-headed hydra.
The 15-headed hydra closely misses you. The 15-headed hydra barely misses you.
The 15-headed hydra bites you but does no damage.
The 15-headed hydra closely misses you. You block the 15-headed hydra's attack.
The 15-headed hydra bites you.
* * * LOW HITPOINT WARNING * * *
The 15-headed hydra bites you!
* * * LOW HITPOINT WARNING * * *
The 15-headed hydra closely misses you.
The 15-headed hydra bites you but does no damage. x2
The 15-headed hydra completely misses you.
The 15-headed hydra bites you!
You die...

Skill      XL: |  1  2  3  4  5  6  7  8  9 10 |
---------------+-------------------------------+-----
Long Blades    | 4 5 6 8 9 11 13 | 13.3
Armour         | 1 2 3 4 6 7 9 |  9.1
Fighting       | 3 4 5 6 8 9 |  9.5
Dodging        | 4 5 6 7 9 |  9.0
Throwing       | |  2.0

Action                   |  1- 3 |  4- 6 |  7- 9 | 10-12 || total
-------------------------+-------+-------+-------+-------++-------
Melee: Long sword        |    84 |   104 |   285 |   205 ||   678
       Headbutt          |    11 |    21 |    63 |    49 ||   144
       Punch             |     1 |       |     6 |     4 ||    11
Throw: Stone             |     4 |     1 |       |       ||     5
  Use: Potion            |     3 |     5 |     4 |     5 ||    17
       Scroll            |     3 |     1 |     4 |     1 ||     9
Armor: Leather armour    |    18 |    22 |    92 |     1 ||   133
       Ring mail         |    24 |       |       |       ||    24
       Steam dragon scal |       |       |       |    79 ||    79
Dodge: Dodged            |    64 |    74 |   132 |   177 ||   447
Block: Other             |     5 |    18 |    71 |    40 ||   134
       Reflection        |       |     1 |     2 |     1 ||     4

Levels and vault maps discovered:
D:1:      dpeg_arrival_tiny_c, layout_rooms
D:2:      layout_loops_ring, serial_shops, shop, ebering_ecumenical_altar_webs
D:3:      minmay_skewed_foursquare, layout_loops_ring,
          kennysheep_generic_room_16, uniq_ijyb, uniq_sigmund
D:4:      layout_basic, serial_shops, shop
D:5:      layout_basic, minmay_temple_entry_enclosed_plants,
          nicolae_ossuary_entry_giza
D:6:      layout_basic, st_stairs_13
D:7:      layout_basic, serial_shops, shop
D:8:      layout_basic, minmay_manual_mess, uniq_joseph, uniq_maurice,
          uniq_gastronok
D:9:      layout_grid_maze, dpeg_lair_monsters, orc_0_dummy, minivault_24,
          st_stairs_13
Temple:   mainiacjoe_temple_archimedes_tessellation
Lair:1:   layout_long_grid, chequers_serial_rivers_large_a, ldierk_geyser

Notes
Turn   | Place    | Note
-------+----------+-------------------------------------------
     0 | D:1      | melkoren the Minotaur Gladiator began the quest for the
                  | Orb.
     0 | D:1      | Reached XP level 1. HP: 18/18 MP: 0/0
     0 | D:1      | magus.rc [v1.11.3]
    43 | D:1      | Reached XP level 2. HP: 16/25 MP: 1/1
    54 | D:1      | Reached skill level 4 in Long Blades
   211 | D:1      | Reached skill level 1 in Armour
   323 | D:1      | Reached XP level 3. HP: 30/30 MP: 2/2
   380 | D:1      | Gained mutation: You are partially covered in iridescent
                  | scales. (AC +2) [potion of mutation]
   380 | D:1      | Gained mutation: Your mind is acute. (Int +2) [potion of
                  | mutation]
   517 | D:2      | Found Oticuinn's Antique Weapon Shop.
   544 | D:2      | Reached skill level 3 in Fighting
   908 | D:2      | Found a faded altar of an unknown god.
  1170 | D:3      | Reached XP level 4. HP: 38/38 MP: 3/3
  1194 | D:3      | Noticed Ijyb
  1206 | D:3      | Killed Ijyb
  1207 | D:3      | Reached skill level 2 in Armour
  1433 | D:3      | Reached skill level 5 in Long Blades
  1477 | D:3      | Reached skill level 4 in Dodging
  1477 | D:3      | Reached XP level 5. HP: 45/45 MP: 4/4
  1639 | D:3      | Noticed Sigmund
  1664 | D:3      | Killed Sigmund
  1665 | D:3      | Reached skill level 4 in Fighting
  1665 | D:3      | Reached skill level 3 in Armour
  1665 | D:3      | Reached XP level 6. HP: 42/52 MP: 5/5
  1739 | D:3      | You add the spells Tukima's Dance, Passage of Golubria and
                  | Yara's Violent Unravelling to your library.
  1830 | D:3      | Reached skill level 6 in Long Blades
  2353 | D:4      | You pick up a book of Dangerous Friends and begin
                  | reading...
  2353 | D:4      | You add the spells Summon Guardian Golem, Orb of
                  | Destruction and Spellforged Servitor to your library.
  2565 | D:4      | Found Puiliupi's Weapon Shoppe.
  3094 | D:5      | Entered Level 5 of the Dungeon
  3132 | D:5      | Reached XP level 7. HP: 57/60 MP: 6/6
  3167 | D:5      | Found a sand-covered staircase.
  3236 | Ossuary  | Entered an ossuary
  3258 | Ossuary  | Reached skill level 5 in Dodging
  3264 | Ossuary  | Reached skill level 7 in Long Blades
  3289 | Ossuary  | Reached skill level 4 in Armour
  3371 | Ossuary  | Reached skill level 5 in Fighting
  3578 | D:5      | Reached skill level 8 in Long Blades
  3578 | D:5      | Reached XP level 8. HP: 48/69 MP: 7/7
  3713 | D:5      | You fall into a shaft and drop 1 floor!
  3776 | D:6      | Reached skill level 5 in Armour
  3910 | D:6      | Reached skill level 6 in Fighting
  3910 | D:6      | Reached skill level 6 in Dodging
  4406 | D:5      | Reached skill level 9 in Long Blades
  4727 | D:5      | Found a staircase to the Ecumenical Temple.
  4733 | Temple   | Entered the Ecumenical Temple
  4935 | Temple   | Became a worshipper of Dithmenos the Shadowed
  5445 | D:7      | Reached skill level 6 in Armour
  5478 | D:7      | Reached XP level 9. HP: 78/78 MP: 8/8
  5666 | D:7      | Paralysed by a gnoll for 5 turns
  5675 | D:7      | Paralysed by a gnoll for 6 turns
  5764 | D:7      | Reached skill level 7 in Fighting
  5764 | D:7      | Reached skill level 10 in Long Blades
  6042 | D:7      | Found Koudilog's Book Shop.
  6213 | D:7      | You add the spells Ignite Poison, Mephitic Cloud and
                  | Freezing Cloud to your library.
  6468 | D:8      | Reached skill level 7 in Dodging
  6541 | D:8      | You pick up a book of Maledictions and begin reading...
  6541 | D:8      | You add the spells Anguish and Enfeeble to your library.
  6576 | D:8      | Noticed Joseph
  6593 | D:8      | Killed Joseph
  6712 | D:8      | You pick up a book of Flames and begin reading...
  6712 | D:8      | You add the spells Foxfire, Conjure Flame, Inner Flame and
                  | Flame Wave to your library.
  6716 | D:8      | Noticed Gastronok
  6748 | D:8      | Killed Gastronok
  6749 | D:8      | Reached skill level 8 in Fighting
  6749 | D:8      | Reached skill level 11 in Long Blades
  6749 | D:8      | Reached skill level 7 in Armour
  6749 | D:8      | Reached XP level 10. HP: 62/88 MP: 9/9
  7139 | D:8      | Reached skill level 8 in Dodging
  7154 | D:8      | Reached skill level 8 in Armour
  7163 | D:8      | Reached skill level 12 in Long Blades
  7312 | D:8      | Noticed Maurice
  7324 | D:8      | Killed Maurice
  8031 | D:9      | Noticed a death yak
  8053 | D:9      | Reached skill level 9 in Fighting
  8055 | D:9      | Noticed a death yak
  8079 | D:8      | Reached * piety under Dithmenos
  8348 | D:9      | Noticed a white ugly thing
  8373 | D:9      | Killed a white ugly thing
  8966 | D:9      | Found a staircase to the Lair.
  8976 | Lair:1   | Entered Level 1 of the Lair of Beasts
  9095 | Lair:1   | Reached skill level 13 in Long Blades
  9171 | Lair:1   | Reached skill level 9 in Armour
  9189 | Lair:1   | Reached skill level 9 in Dodging
  9193 | Lair:1   | Reached XP level 11. HP: 91/97 MP: 10/10
  9326 | Lair:1   | magus.rc [v1.11.3]
  9370 | Lair:1   | Noticed a four-headed hydra
  9390 | Lair:1   | HP: 22/97 [15-headed hydra (3)]
  9391 | Lair:1   | HP: 5/97 [15-headed hydra (10)]
  9391 | Lair:1   | Mangled by a 15-headed hydra

Vanquished Creatures
  Gastronok (D:8)
  An ugly thing (D:9)
  Maurice (D:8)
  Joseph (D:8)
  A meliai zombie (D:7)
  Sigmund (D:3)
  A basilisk (D:8)
  14 yaks
  A steam dragon (D:8)
  An acid dragon (D:8)
  4 water moccasins
  An orc warrior (D:9)
  A black bear (D:7)
  A sky beast (D:5)
  3 ogres
  A necrophage (D:5)
  4 centaurs
  2 phantoms
  4 bullfrogs
  A gnoll sergeant (D:8)
  2 scorpions (D:5)
  6 water moccasin zombies (Ossuary)
  5 killer bees
  A wight (D:8)
  3 howler monkeys (D:7)
  A centaur zombie (D:8)
  A jelly (D:6)
  An orc priest (D:3)
  A bullfrog skeleton (D:4)
  Ijyb (D:3)
  An iguana (D:6)
  3 orc wizards (D:6)
  2 killer bee zombies
  3 mummies
  A howler monkey zombie (D:5)
  8 gnolls
  7 adders
  A shadow imp (D:7)
  A white imp (D:6)
  3 adder zombies
  2 adder skeletons (D:4)
  A worm (D:2)
  A dart slug (D:1)
  12 orcs
  3 endoplasms
  6 goblins
  7 hobgoblins
  4 jackals
  10 kobolds
  3 quokkas
  11 ball pythons
  5 bats
  3 frilled lizards
  2 gnoll zombies (Ossuary)
  A goblin zombie (D:5)
  10 hobgoblin zombies
  3 kobold zombies (Ossuary)
  2 orc zombies (Ossuary)
  14 rats
197 creatures vanquished.

Table legend:
 A = Non-vault XP
 B = Vault XP
 C = Vault XP percentage of total XP
 D = Non-vault monster count
 E = Vault monster count
 F = Vault count percentage of total count
                 A         B        C        D         E       F
            +---------+---------+-------+---------+---------+-------
      Total |    7273 |    4152 |  36.3 |     147 |      50 |  25.4
            +---------+---------+-------+---------+---------+-------
        D:1 |      45 |       0 |   0.0 |      29 |       0 |   0.0
        D:2 |      51 |       0 |   0.0 |      18 |       0 |   0.0
        D:3 |      78 |     269 |  77.5 |      14 |      10 |  41.7
        D:4 |     256 |       0 |   0.0 |      16 |       0 |   0.0
        D:5 |     702 |      20 |   2.8 |      13 |       3 |  18.8
        D:6 |     518 |      53 |   9.3 |      13 |       2 |  13.3
        D:7 |     957 |       0 |   0.0 |      13 |       0 |   0.0
        D:8 |    1955 |    3147 |  61.7 |      15 |       8 |  34.8
        D:9 |     785 |     136 |  14.8 |       5 |       1 |  16.7
     Lair:1 |    1926 |       0 |   0.0 |      11 |       0 |   0.0
    Ossuary |       0 |     527 | 100.0 |       0 |      26 | 100.0
            +---------+---------+-------+---------+---------+-------

Illustrated notes

Table legend:
 A = Kills in this place as a percentage of kills in entire the game.
 B = Kills by you in this place as a percentage of kills by you in the entire game.
 C = Kills by friends in this place as a percentage of kills by friends in the entire game.
 D = Other kills in this place as a percentage of other kills in the entire game.
 E = Experience gained in this place as a percentage of experience gained in the entire game.
 F = Experience gained in this place divided by the number of levels of this place that you have seen.
                   A       B       C       D       E      F
               +-------+-------+-------+-------+-------+----------------------
         Total | 100.0 | 100.0 |   N/A |   N/A | 100.0 | 952.1
       Dungeon |  81.2 |  81.2 |   N/A |   N/A |  78.5 | 996.9
          Lair |   5.6 |   5.6 |   N/A |   N/A |  16.9 | 1926.0
       Ossuary |  13.2 |  13.2 |   N/A |   N/A |   4.6 | 527.0
               +-------+-------+-------+-------+-------+----------------------

Table legend: (Time is in decaauts)
 A = Elapsed time spent in this place.
 B = Non-inter-level travel time spent in this place.
 C = Inter-level travel time spent in this place.
 D = Time resting spent in this place.
 E = Time spent auto-exploring this place.
 F = Levels seen in this place.
 G = Mean time per level.
                   A        B        C        D        E       F      G
               +--------+--------+--------+--------+--------+-----+--------+
         Total |   9354 |   9145 |    209 |   1506 |   5722 |  12 |  779.5 |
       Dungeon |   8441 |   8252 |    189 |   1438 |   5302 |   9 |  937.9 |
        Temple |    222 |    202 |     20 |      0 |    151 |   1 |  222.0 |
          Lair |    394 |    394 |      0 |      0 |    269 |   1 |  394.0 |
       Ossuary |    295 |    295 |      0 |     68 |      0 |   1 |  295.0 |
               +--------+--------+--------+--------+--------+-----+--------+

Top non-repeatable levels by time:
     D:8: 1874 daAuts
     D:7: 1082 daAuts
     D:3: 1003 daAuts
     D:4: 936 daAuts
     D:6: 929 daAuts
     D:5: 722 daAuts
     D:9: 713 daAuts
     D:2: 654 daAuts
     D:1: 525 daAuts
  Lair:1: 394 daAuts
 Ossuary: 295 daAuts
  Temple: 222 daAuts
